[Event "*** Titled Tuesday Blitz"]
[Site "Chess.com"]
[Date "2020.10.27"]
[Round "8"]
[White "maciek_92"]
[Black "Supernotar"]
[Result "0-1"]
[WhiteElo "2715"]
[BlackElo "2858"]
[TimeControl "180+1"]
[EndTime "11:30:54 PDT"]
[Termination "Supernotar won on time"]

1. e4 c6 2. d4 d5 3. e5 Bf5 4. Nf3 e6 5. Be2 Nd7 6. O-O h6 7. Nbd2 Ne7 8. Nb3 Bg6 9. a4 Nf5 10. Re1 Be7 11. Bd2 O-O 12. a5 b6 13. c4 Rc8 14.
Rc1 c5 15. axb6 axb6 16. cxd5 exd5 17. dxc5 Nxc5 18. Nbd4 Nxd4 19. Nxd4 Ne6 20. Nc6 Qd7 21. Bb5 Bc5 22. b4 Rxc6 23. bxc5 bxc5 24. Qa4 Rfc8 25.
Red1 Nd4 26. Bxc6 Rxc6 27. Kh1 Kh7 28. Be3 Qb7 29. Bxd4 Ra6 30. Qe8 Ra8 31. Qxa8 Qxa8 32. Bxc5 Bf5 33. Bd4 Qa2 34. Kg1 Be4 35. f3 Bf5 36.
Be3 h5 37. Rd2 Qa3 38. Re1 Qc3 39. Kf2 Qxe5 40. h3 h4 41. Rd4 Qg3+ 42. Kf1 g5 43.
Bf2 Qh2 44. Bg1 Qc7 45. Red1 Bc2 46. R1d2 Bb3 47. Be3 Bc4+ 48. Kf2 Qg3+ 49. Kg1 Qe1+ 50. Kh2 Qxe3 51. Rd1 Qf2 52. Rg4 f6 53. Rgd4 Be2 54. R1d2 Qe3 55. Rxd5 Qf4+ 56. Kg1 Bc4 57. R5d4 Qe3+ 58.
Kh2 Kg6 59. Rd1 Be6 60. Re4 Qb3 61. Rde1 Bf5 62. R4e3 Qc4 63. R1e2 Qc7+ 64. Kh1 Qf4 65. Re8 Qc1+ 66. Kh2 Qc7+ 67. Kh1 Kf7 68. R8e3 Bc8 69. Re4 Bb7 70. R4e3 Qc6 71. Kg1 Kg6 72. Re7 Ba6 73.
R2e6 Qc5+ 74. Kh2 Bf1 75. Rd7 Qf2 0-1

[Event "*** Titled Tuesday Blitz"]
[Site "Chess.com"]
[Date "2020.10.27"]
[Round "8"]
[White "FloMaster111"]
[Black "Gerodot71"]
[Result "1-0"]
[WhiteElo "2631"]
[BlackElo "2478"]
[TimeControl "180+1"]
[EndTime "11:30:57 PDT"]
[Termination "FloMaster111 won on time"]

1. e4 e5 2. Nc3 Nf6 3. g3 Nc6 4. Bg2 Bc5 5. d3 d6 6. Nge2 h5 7. h3 Be6 8. O-O Qd7 9. Kh2 h4 10. g4 Bxg4 11. hxg4 Nxg4+ 12. Kh1 h3 13. Bf3 Nxf2+ 14.
Rxf2 Bxf2 15. Qf1 Bb6 16. Nd5 Ne7 17. Nxb6 axb6 18. Ng3 O-O-O 19. Qe2 Kb8 20. a4 g6 21.
Bg5 f5 22. exf5 gxf5 23. Bxe7 Qxe7 24. Nxf5 Qf6 25. Ne3 Rdf8 26. Be4 c6 27. c4 Qf4 28.
a5 Rfg8 29. Rf1 Rg2 30. Rxf4 Rxe2 31. Rf3 h2 32. axb6 Rxb2 33. Nf1 Rxb6 34. Rf2 Rb3 35. Nxh2 Rb1+ 36. Kg2 Kc7 37. Nf3 Rc1 38. Ng5 Rg8 39. Rf5 Kb6 40. Kf2 Rc2+ 41. Ke3 Rc1 42. Kd2 Rg1 43. Nf7 R8g2+ 44. Bxg2 Rxg2+ 45. Kc3 Rg6 46. Ng5 Kc7 47. Rf7+ Kb6 48. Nf3 Kc5 49. Nd2 d5 50. Rxb7 Rg3 51. cxd5 cxd5 52. Nb3+ Kc6 53. Re7 e4 54.
Nd4+ Kb6 55. Re6+ Kb7 56. Re7+ Kb6 57. Re6+ Kb7 58. Nb5 Rxd3+ 59. Kb4 Rd1 60. Kc5 Rb1 61. Nd4 Rc1+ 62. Kxd5 e3 63. Re7+ Kb6 64. Rxe3 Kb7 65. Re7+ Rc7 66. Re1 Rd7+ 67. Kc5 Rc7+ 68. Kb5 Rd7 69.
Nb3 Rd5+ 70. Nc5+ Kc7 71. Re6 1-0

[Event "*** Titled Tuesday Blitz"]
[Site "Chess.com"]
[Date "2020.10.27"]
[Round "8"]
[White "dopolian"]
[Black "katchesskat"]
[Result "0-1"]
[WhiteElo "2414"]
[BlackElo "2266"]
[TimeControl "180+1"]
[EndTime "11:31:00 PDT"]
[Termination "katchesskat won on time"]

1. Nf3 c5 2. d4 cxd4 3. Nxd4 a6 4. c4 e6 5. Nc3 Qc7 6. e4 Nf6 7. Be2 b6 8. O-O Bb7 9. f3 Bd6 10. g3 Bc5 11. Be3 h5 12. Qd3 h4 13. f4 hxg3 14. hxg3 Nc6 15. Nxc6 Qxc6 16. Bf3 Bxe3+ 17. Qxe3 Qxc4 18.
Qxb6 Bxe4 19. Nxe4 Nxe4 20. Rac1 Qd3 21. Qb3 Qxb3 22.
axb3 f5 23. Rfe1 d5 24. Rc7 O-O 25. Kg2 Rf7 26. Rc6 Re7 27. Rec1 Kf7 28. Rb6 a5 29. Rcc6 a4 30. b4 a3 31. bxa3 Rxa3 32. Rc2 Rb3 33. b5 Ra7 34. Ra6 Rb7 35. Be2 Nc3 36. Bf1 Nxb5 37. Bxb5 R3xb5 38. Rcc6 Rb2+ 39. Kh3 Re2 40.
Rd6 Rbb2 41. g4 Rb3+ 42. Kh4 fxg4 43. Kxg4 Rg2+ 44. Kh4 Rg6 45. f5 Rh6+ 46. Kg5 e5 47. Ra7+ Kg8 48. Rxh6 gxh6+ 49. Kg6 Rg3+ 50. Kf6 e4 51.
Rd7 Rd3 52. Rd8+ Kh7 53. Rd7+ Kg8 54. Kg6 Kf8 55. Kf6 Ke8 56. Re7+ Kd8 57. Re5 Kd7 58. Kg7 Kd6 59. Re8 Rg3+ 60. Kf7 h5 61. f6 h4 62. Rd8+ Ke5 63. Ke7 h3 64. Rh8 Rf3 65. Rh5+ Kd4 66. f7 e3 67. Rxh3 Rxf7+ 68. Kxf7 e2 69. Rh1 Kd3 70. Ke6 d4 71. Ke5 Kc3 72.
Ke4 d3 73. Ke3 Kc2 0-1

[Event "*** Titled Tuesday Blitz"]
[Site "Chess.com"]
[Date "2020.10.27"]
[Round "8"]
[White "RaneshRatnesan"]
[Black "DrMamaliga"]
[Result "0-1"]
[WhiteElo "2146"]
[BlackElo "2342"]
[TimeControl "180+1"]
[EndTime "11:31:04 PDT"]
[Termination "DrMamaliga won on time"]

1. d4 Nf6 2. Nf3 c5 3. d5 e6 4. c4 b5 5. Nc3 bxc4 6. e4 exd5 7. exd5 d6 8. Bxc4 Qe7+ 9. Be2 g6 10. O-O Bg7 11. Re1 O-O 12. Bg5 h6 13. Bh4 Qb7 14. Qd2 Bg4 15. Bg3 Bxf3 16. Bxf3 Rd8 17. a4 Na6 18. Nb5 Ne8 19. Re2 Nac7 20. Na3 Rab8 21. Nc4 Qb4 22. Qf4 Nf6 23. Rd1 Qxa4 24. Red2 Rb4 25.
Be2 Nh5 26. Qh4 Nxg3 27. Qxd8+ Ne8 28. hxg3 Bf6 29. Qc8 Kg7 30. Ne3 Bxb2 31. Bg4 Nf6 32. Bf3 Bd4 33. Re1 Bc3 34. Red1 Bxd2 35. Rxd2 Rb1+ 36. Kh2 Qb4 37. Rd1 Rxd1 38. Bxd1 Qe1 39. Qa6 Qxf2 40. Qe2 Ne4 41. Qxf2 Nxf2 42. Be2 Kf6 43. Kg1 Ne4 44. Nc4 Nxg3 45. Kf2 Nxe2 46.
Kxe2 Ke7 47. Ke3 f5 48. Kf4 a6 49. g3 Kd7 50. Kf3 Kc7 51. Kf4 Kd7 52. Kf3 g5 53. g4 f4 54. Ke4 Ke7 55. Kf3 Kd7 56.
Ke4 Kc7 57. Kf3 a5 58. Nxa5 Kb6 59. Nc4+ Kc7 60. Ke4 Kd7 61. Kf5 f3 62. Ke4 f2 63.
Nd2 Ke7 64. Ke3 Kf6 65. Kxf2 Ke5 66. Ke3 Kxd5 67. Kd3 Ke5 68. Ke3 d5 69. Nf3+ Ke6 70. Ne1 Kd6 71. Nd3 c4 72. Ne1 Ke5 73. Nf3+ Ke6 74.
Nd4+ Kd6 75. Nf5+ Ke5 76. Nd4 c3 77. Nc2 Kd6 78. Kd4 Ke6 0-1

[Event "*** Titled Tuesday Blitz"]
[Site "Chess.com"]
[Date "2020.10.27"]
[Round "8"]
[White "Skat2704"]
[Black "VladaSviridova"]
[Result "1-0"]
[WhiteElo "2457"]
[BlackElo "2281"]
[TimeControl "180+1"]
[EndTime "11:31:08 PDT"]
[Termination "Skat2704 won by resignation"]

1. d4 d5 2. Nf3 Nf6 3. c4 c6 4.
Nc3 dxc4 5. a4 Bf5 6. e3 e6 7.
Bxc4 Bb4 8. O-O O-O 9. Qe2 Nbd7 10. Rd1 Bg6 11. Na2 Bd6 12. b3 a5 13. Bb2 Qc7 14. Nc3 Rfe8 15. e4 e5 16. d5 Nb6 17. Rac1 Bb4 18. Bd3 Rad8 19. Na2 Bd6 20. Qc2 c5 21. Nc3 Nbd7 22. Nb5 Qb8 23. Bc3 b6 24. Na3 Nh5 25.
Nc4 Nf4 26. Bf1 Bh5 27. Ncd2 Nf6 28. g3 Ng6 29. Bg2 Qc8 30. Nc4 Qc7 31. Qb2 Rb8 32. h3 Bxf3 33. Bxf3 h5 34. h4 Qd7 35. Qe2 Ng4 36. Bxg4 hxg4 37. Nxd6 Qxd6 38. Qxg4 Nf8 39. h5 Nh7 40. Kg2 Kh8 41. Rh1 Rbd8 42. h6 g6 43. f4 Nf6 44. Qf3 Nd7 45. f5 g5 46.
g4 f6 47. Rh5 Kh7 48. Rhh1 Nb8 49. Rhe1 Na6 50. Qd3 Ra8 51. Re2 Nc7 52. Rh1 Rec8 53. Qh3 Na6 54. Qh5 Rg8 55. Qf7+ Kh8 56. h7 Rg7 57.
Qe6 Rd8 58. Qxd6 Rxd6 59. Re3 Rc7 60. Reh3 Nb8 61. Rh6 Nd7 62. Bd2 Nf8 63. Bxg5 Nxh7 64.
Bxf6+ Kg8 65. Bxe5 Rxh6 66. Rxh6 Re7 67. Rg6+ Kf7 68.
Rg7+ Ke8 69. Rxe7+ Kxe7 70. Bg3 Kf6 71. Kf3 Ng5+ 72. Ke3 Nh3 73. d6 Kf7 74. e5 Ng5 75.
e6+ Ke8 76. Kf4 Nh3+ 77. Ke5 Ng1 78. d7+ Ke7 79. Bh4+ 1-0

[Event "*** Titled Tuesday Blitz"]
[Site "Chess.com"]
[Date "2020.10.27"]
[Round "8"]
[White "Infernal_XaM"]
[Black "Witik"]
[Result "1-0"]
[WhiteElo "2850"]
[BlackElo "2702"]
[TimeControl "180+1"]
[EndTime "11:31:27 PDT"]
[Termination "Infernal_XaM won on time"]

1. Nf3 d5 2. c4 e6 3. g3 Nf6 4.
Bg2 Be7 5. O-O O-O 6. Qc2 c5 7.
cxd5 Nxd5 8. d4 cxd4 9. Nxd4 Bd7 10. Rd1 Nc6 11. Nxc6 Bxc6 12. Nc3 Nb4 13. Qb3 Qc7 14. Bf4 e5 15. Bxc6 bxc6 16. Be3 Rab8 17. Rac1 Nd3 18. Rxd3 Rxb3 19. axb3 Qb7 20. Na4 Rd8 21. Nc5 Qc8 22. Rxd8+ Qxd8 23. Nd3 f6 24. Bxa7 Qd5 25. b4 g5 26. Bc5 Bd8 27. Ra1 e4 28. Ne1 Kf7 29.
Ng2 Qd2 30. Kf1 f5 31. Ne3 Qxb2 32. Rd1 Bf6 33. Nxf5 Kg6 34. Ne3 Be5 35. Rd8 h5 36. h3 Qb3 37. Re8 Bc3 38. Kg2 Qa2 39. Rxe4 Qxe2 40.
Re6+ Kf7 41. Rxc6 g4 42. hxg4 hxg4 43. Rd6 Be1 44. Nf1 Qf3+ 45. Kg1 Bc3 46. Nh2 Qe2 47. Rd5 Ke6 48. Rg5 Qd1+ 49. Kg2 Bf6 50. Rxg4 Qd5+ 51. Kg1 Qb3 52. Re4+ Kf5 53. Re3 Qb1+ 54. Kg2 Kg6 55. Nf3 Kf7 56. Ne5+ Kg8 57. Nd3 Bg7 58.
Nf4 Qb2 59. Re8+ Kf7 60. Re7+ Kg8 61. Nh5 Be5 62. Kh3 Bd4 63. f4 Bxc5 64. bxc5 Qb1 65.
Kg4 Qd1+ 66. Kg5 Kf8 67. Re5 Qd3 68. g4 Kf7 69. Rf5+ Ke6 70. Nf6 Ke7 71. Kg6 Qf1 72. Re5+ Kd8 73. f5 Kc7 74. g5 Kc6 75. Ne4 Qf3 76.
Re6+ Kb5 77. c6 Qf4 78. Nf6 Qb8 79. Ne8 Qd8 80. c7 Qd7 81. c8=Q Qxc8 82. Nd6+ 1-0

[Event "*** Titled Tuesday Blitz"]
[Site "Chess.com"]
[Date "2020.10.27"]
[Round "8"]
[White "szefru"]
[Black "TokChess"]
[Result "0-1"]
[WhiteElo "2258"]
[BlackElo "2435"]
[TimeControl "180+1"]
[EndTime "11:31:30 PDT"]
[Termination "TokChess won by resignation"]

1. e4 c5 2. Nf3 e6 3. b3 Nf6 4. e5 Nd5 5. Bb2 Nc6 6. Bb5 Qb6 7.
Bxc6 Qxc6 8. O-O b5 9. d3 Bb7 10. a4 a6 11. axb5 axb5 12. Rxa8+ Bxa8 13. Nbd2 Be7 14. Ne4 O-O 15. Qd2 Bb7 16. Ra1 Ra8 17. Rxa8+ Bxa8 18.
Qa5 Bb7 19. Qa7 Qc7 20. Nd6 Bc6 21. Qxc7 Nxc7 22. Ne4 Nd5 23. Nfd2 Nb4 24. Ba3 Nxc2 25. Bxc5 Bxc5 26. Nxc5 Nd4 27. f4 f6 28. exf6 gxf6 29.
g3 Kf7 30. Kf2 h5 31. Nde4 Ke7 32. b4 Nc2 33. Na6 Bb7 34. Nc7 Bc6 35. Nc3 Nxb4 36. Ke2 Kd6 37. N7xb5+ Kc5 38. Na3 f5 39. Nab1 Bb7 40.
Ke3 Nc2+ 41. Kd2 Nd4 42. Ke3 Nc2+ 43. Kd2 Nb4 44. Ke3 d6 45. Na4+ Kc6 46. Nbc3 Ba6 47. Nb2 Kc5 48. d4+ Kc6 49. h4 Bf1 50. Kf2 Ba6 51.
Ke3 Nc2+ 52. Kf2 Nxd4 53. Nbd1 Nb5 54. Ne2 Nc7 55. Nd4+ Kd7 56. Ne3 Ne8 57. Kf3 Nf6 58.
Ndxf5 Bb7+ 59. Kf2 exf5 60. Nxf5 Ke6 61. Ng7+ Kf7 62.
Nf5 Ke6 63. Ng7+ Kd5 64. Nf5 Kc5 65. Ke3 Bc8 66. Ng7 Bg4 67. f5 d5 68. Kf4 d4 69.
Ne6+ Kd5 70. Ng5 Kc4 71. Ne4 Nxe4 72. Kxe4 Bxf5+ 73. Kxf5 d3 74. Kg5 d2 75. Kxh5 d1=Q+ 76. g4 Qd8 77. g5 Qh8+ 78. Kg4 Kd5 79. h5 Ke5 80. h6 Qh7 81. Kh5 Kf5 82. Kh4 Qg6 0-1

[Event "*** Titled Tuesday Blitz"]
[Site "Chess.com"]
[Date "2020.10.27"]
[Round "8"]
[White "BanjoKazooieN64"]
[Black "juancruzarias"]
[Result "0-1"]
[WhiteElo "2355"]
[BlackElo "2528"]
[TimeControl "180+1"]
[EndTime "11:31:32 PDT"]
[Termination "juancruzarias won by checkmate"]

1. e4 c5 2. Nc3 e6 3. Nf3 a6 4. d4 cxd4 5. Nxd4 Ne7 6. f4 Nbc6 7. Nf3 Ng6 8. Bd3 Bc5 9. e5 O-O 10. h4 f5 11. h5 Nh8 12. g4 Nb4 13. Be2 b5 14. a3 Nc6 15. gxf5 Rxf5 16. Bd3 Ne7 17. Nh4 Bb7 18. Ne4 Qb6 19. Qe2 Nf7 20. h6 Nxh6 21. Bd2 Rc8 22. Ng5 Bxh1 23. Nxf5 Nexf5 24. O-O-O Bd5 25. Bxf5 exf5 26. e6 Bxe6 27. Bc3 Bf8 28. Rh1 b4 29. axb4 Rxc3 30. bxc3 Qc6 31. Rh3 a5 32. bxa5 Ba3+ 33. Kd2 Qd6+ 34. Ke1 Qxf4 35. Nxe6 dxe6 36. Qxe6+ Kf8 37.
Qc8+ Kf7 38. Qd7+ Be7 39. Qd5+ Kf6 40. Qd4+ Qxd4 41. cxd4 Bb4+ 42. c3 Bxa5 43. Ke2 Nf7 44. Rxh7 Bxc3 45. Kd3 Bb4 46. Rh1 g5 47. Rb1 Bd6 48. Kc4 g4 49. Kd5 g3 50. Rg1 f4 51.
Ke4 Ng5+ 52. Kd3 f3 53. Ke3 f2 54. Rf1 Ke6 55. Ke2 Kd5 56. Rd1 Nh3 57. Kf3 Ng5+ 58. Kg2 Ne6 59. Rd3 Nxd4 60. Kf1 Ke4 61. Rd2 Be5 62.
Rxf2 gxf2 63. Kxf2 Bf4 64. Kg2 Ke3 65. Kh1 Kf3 66.
Kg1 Nf5 67. Kf1 Nd6 68. Kg1 Ne4 69. Kh1 Nf2+ 70. Kg1 Be5 71. Kf1 Bh2 72. Ke1 Ne4 73. Kf1 Nd2+ 74. Ke1 Ke3 75. Kd1 Bg3 76. Kc1 Kd3 77. Kb2 Bd6 78. Ka2 Bb4 79. Kb2 Bc5 80.
Kc1 Nc4 81. Kd1 Bf2 82. Kc1 Bg3 83. Kd1 Nb2+ 84. Kc1 Kc3 85. Kb1 Bf4 86. Ka2 Bd6 87.
Kb1 Nd3 88. Ka2 Kc2 89. Ka1 Be5+ 90. Ka2 Bd6 91. Ka1 Bc5 92. Ka2 Nc1+ 93. Ka1 Bd4# 0-1

[Event "*** Titled Tuesday Blitz"]
[Site "Chess.com"]
[Date "2020.10.27"]
[Round "8"]
[White "ChessWarrior7197"]
[Black "crescentmoon2411"]
[Result "0-1"]
[WhiteElo "2976"]
[BlackElo "2887"]
[TimeControl "180+1"]
[EndTime "11:32:12 PDT"]
[Termination "crescentmoon2411 won on time"]

1. e4 e6 2. d4 d5 3. exd5 exd5 4. Nf3 Nc6 5. Bd3 Bd6 6. O-O Nge7 7. Nc3 Nb4 8. Be2 Bf5 9. Ne1 O-O 10. Nb5 Ng6 11.
Nxd6 Qxd6 12. c3 Nc6 13. Bd3 Bxd3 14. Nxd3 Rfe8 15. Qf3 Nd8 16. g3 Ne6 17. h4 h6 18.
h5 Ngf8 19. Bd2 Nh7 20. Rae1 Neg5 21. Qg2 Ne4 22. Bf4 Qd7 23. f3 Neg5 24. g4 Rxe1 25. Rxe1 Re8 26. Rxe8+ Qxe8 27. Kf1 c6 28. Qe2 Qxe2+ 29.
Kxe2 Ne6 30. Bb8 a6 31. f4 Nf6 32. Kf3 Ne4 33. f5 Nf8 34. Kf4 Nd7 35. Ba7 f6 36. c4 dxc4 37. Kxe4 cxd3 38. Kxd3 Kf7 39. Kc4 Ke7 40. Bc5+ Ke8 41. a4 Kd8 42. a5 Ke8 43. Bd6 Kd8 44. d5 Ke8 45. dxc6 bxc6 46. b4 Kd8 47. Kd4 Kc8 48. Ke4 Kb7 49. Kd4 Ka7 50. Be7 Kb7 51. Bc5 Kc7 52. Kc4 Kb7 53. Bd4 Kc7 54. Kd3 Kb7 55. Ke4 Kc7 56. Kf4 Kd6 57.
Ke4 Kc7 58. Be3 Kb7 59. Bf4 Kc8 60. Bd6 Kb7 61. Ke3 Kc8 62. Kd3 Kb7 63. Kc4 Ka7 64.
Kb3 Kb7 65. Bf4 Ka7 66. Kc2 Kb7 67. Kd3 Ka7 68. Be3+ Kb7 69. Ke4 Kc7 70. Bf4+ Kb7 71. Bd6 Ka7 72. Kf4 Kb7 73. Kg3 Ka7 74. g5 hxg5 75. h6 gxh6 76. Kg4 Kb7 77. Kh5 c5 78. bxc5 Kc6 79. Kg6 g4 80. Kxh6 Nxc5 81. Bf4 Ne4 82. Kh5 g3 83. Kg4 g2 84. Be3 Kb5 85. Kf3 Nd6 86. Kxg2 Nxf5 87. Bd2 Nd6 88. Kf3 Nc4 89. Bc3 f5 90. Kf4 Nxa5 91. Kxf5 Nc6 92. Ke4 Kc4 93. Bd2 Nb4 94. Bg5 a5 95. Ke3 Kc3 96. Bf6+ Kc2 97. Bg7 a4 98. Bh8 a3 99. Ke2 a2 100. Ba1 Nd3 101.
Bd4 Nb2 0-1

[Event "*** Titled Tuesday Blitz"]
[Site "Chess.com"]
[Date "2020.10.27"]
[Round "9"]
[White "poppy73"]
[Black "MathiasWomacka"]
[Result "1/2-1/2"]
[WhiteElo "2228"]
[BlackElo "2490"]
[TimeControl "180+1"]
[EndTime "11:40:03 PDT"]
[Termination "Game drawn by repetition"]

1. e4 c5 2. Nf3 d6 3. d4 cxd4 4.
Nxd4 Nf6 5. Nc3 a6 6. Be2 e5 7. Nf3 Be7 8. Bg5 Nbd7 9. a4 h6 10. Be3 Ng4 11. Bc1 Ngf6 12. Be3 Ng4 13. Bc1 Ngf6 14. Be3 1/2-1/2

[Event "*** Titled Tuesday Blitz"]
[Site "Chess.com"]
[Date "2020.10.27"]
[Round "9"]
[White "BJthechessgod"]
[Black "fabianvivasz"]
[Result "0-1"]
[WhiteElo "2293"]
[BlackElo "2430"]
[TimeControl "180+1"]
[EndTime "11:40:58 PDT"]
[Termination "fabianvivasz won by resignation"]

1. e4 e5 2. Nf3 Nc6 3. Bc4 Nf6 4. d3 Bc5 5. O-O O-O 6. c3 d5 7. exd5 Nxd5 8. b4 Bb6 9. a4 a6 10. Re1 Bg4 11. Qb3 Bxf3 12. gxf3 Qh4 13. Be3 Nxe3 14. fxe3 Qxe1+ 0-1

[Event "*** Titled Tuesday Blitz"]
[Site "Chess.com"]
[Date "2020.10.27"]
[Round "9"]
[White "boasovietica"]
[Black "deep306"]
[Result "1-0"]
[WhiteElo "2511"]
[BlackElo "2575"]
[TimeControl "180+1"]
[EndTime "11:41:30 PDT"]
[Termination "boasovietica won by resignation"]

1. e4 e6 2. d4 d5 3. Nd2 Nf6 4. e5 Nfd7 5. f4 c5 6. c3 Nc6 7.
Ndf3 f6 8. g3 Be7 9. Kf2 O-O 10.
Kg2 Rf7 11. Bd3 Nf8 12. h4 Bd7 13. Rh2 Rc8 14. Kh1 cxd4 15. cxd4 Nb4 16. Bb1 Bb5 17.
a3 Nc6 18. h5 Na5 19. b4 Nb3 20. Qxb3 Rxc1 21. Bxh7+ Nxh7 22. Rxc1 Bd3 23. Qxd3 1-0

[Event "*** Titled Tuesday Blitz"]
[Site "Chess.com"]
[Date "2020.10.27"]
[Round "9"]
[White "RaneshRatnesan"]
[Black "ailime26"]
[Result "1-0"]
[WhiteElo "2154"]
[BlackElo "1878"]
[TimeControl "180+1"]
[EndTime "11:41:36 PDT"]
[Termination "RaneshRatnesan won by resignation"]

1. d4 d5 2. c4 e6 3. Nc3 Nf6 4. Bg5 Be7 5. e3 Nbd7 6. Nf3 b6 7.
cxd5 Nxd5 8. Bxe7 Qxe7 9. Nxd5 exd5 10. Bd3 O-O 11. O-O c5 12. Rc1 Bb7 13. dxc5 Nxc5 14. Nd4 Qg5 15. Be2 f5 16. b4 Ne4 17. Ne6 Qg6 18.
Nxf8 Rxf8 19. Rc7 Bc8 20. Bf3 f4 21. Qxd5+ Kh8 22. Qxe4 Bf5 23. Qxf4 1-0

[Event "*** Titled Tuesday Blitz"]
[Site "Chess.com"]
[Date "2020.10.27"]
[Round "9"]
[White "Cambek64"]
[Black "NotFischer"]
[Result "0-1"]
[WhiteElo "2300"]
[BlackElo "2130"]
[TimeControl "180+1"]
[EndTime "11:42:08 PDT"]
[Termination "NotFischer won by resignation"]

1. e4 d5 2. exd5 Nf6 3. Nc3 Nxd5 4. Bc4 Nb6 5. Bb3 Nc6 6. Nf3 Bf5 7. O-O e6 8. Re1 Be7 9. h3 O-O 10. d4 a5 11. a3 a4 12. Ba2 Bf6 13. Ne4 Bxd4 14. Nxd4 Nxd4 15. Bg5 Qd7 16. Nf6+ gxf6 17. Bxf6 Nxc2 18.
Qh5 Qd2 19. Re3 Nd7 20. Rg3+ Bg6 21. Rd1 Nxf6 22. Rxd2 Nxh5 23. Rc3 Rad8 0-1

[Event "*** Titled Tuesday Blitz"]
[Site "Chess.com"]
[Date "2020.10.27"]
[Round "9"]
[White "Azerichess"]
[Black "GigaQuparadze"]
[Result "1-0"]
[WhiteElo "2997"]
[BlackElo "2845"]
[TimeControl "180+1"]
[EndTime "11:42:12 PDT"]
[Termination "Azerichess won by resignation"]

1. e4 c5 2. Nc3 e6 3. Nf3 a6 4. g3 b5 5. Bg2 Bb7 6. d3 Nc6 7. O-O Nf6 8. Ng5 h6 9. Nh3 d5 10. exd5 exd5 11. Nf4 Nd4 12. Nh5 Ne6 13. Nxf6+ gxf6 14. Qh5 Nc7 15. Re1+ Be7 16. Bf4 Rc8 17. Bh3 Ra8 18.
Re2 d4 19. Rae1 dxc3 20. Rxe7+ Qxe7 21. Rxe7+ Kxe7 22. Qxc5+ 1-0

[Event "*** Titled Tuesday Blitz"]
[Site "Chess.com"]
[Date "2020.10.27"]
[Round "9"]
[White "alexrustemov"]
[Black "Skatchkov_V"]
[Result "1-0"]
[WhiteElo "2672"]
[BlackElo "2491"]
[TimeControl "180+1"]
[EndTime "11:42:12 PDT"]
[Termination "alexrustemov won by resignation"]

1. d4 Nf6 2. Nf3 e6 3. c4 b6 4. a3 Bb7 5. Nc3 d5 6. Bg5 Be7 7. Bxf6 Bxf6 8. cxd5 exd5 9. Qa4+ c6 10. g3 O-O 11.
Rd1 Nd7 12. Bh3 Re8 13. Nxd5 Bxd4 14. Bxd7 Qxd7 15. Rxd4 Qh3 16. Nf4 Qf5 17. O-O c5 18.
Qd7 1-0

[Event "*** Titled Tuesday Blitz"]
[Site "Chess.com"]
[Date "2020.10.27"]
[Round "9"]
[White "AlexeiShirov"]
[Black "Generalas"]
[Result "1-0"]
[WhiteElo "2789"]
[BlackElo "2329"]
[TimeControl "180+1"]
[EndTime "11:42:16 PDT"]
[Termination "AlexeiShirov won by resignation"]

1. e4 e5 2. Nf3 Nc6 3. Bb5 a6 4. Ba4 Nf6 5. O-O Be7 6. Re1 b5 7.
Bb3 O-O 8. c3 d5 9. d4 exd4 10.
e5 Ne4 11. cxd4 Bg4 12. Nc3 Bxf3 13. gxf3 Nxc3 14. bxc3 Qd7 15. Kh1 Qe6 16. f4 Na5 17. Bc2 Qh3 18. Re3 Qh4 19. Qf1 f5 20. exf6 Bxf6 21.
Rh3 Qg4 22. Bxh7+ Kf7 23. f5 Ke7 24. f3 1-0

[Event "*** Titled Tuesday Blitz"]
[Site "Chess.com"]
[Date "2020.10.27"]
[Round "9"]
[White "YoungUzbek"]
[Black "PhileKhoob"]
[Result "1-0"]
[WhiteElo "2744"]
[BlackElo "2460"]
[TimeControl "180+1"]
[EndTime "11:42:17 PDT"]
[Termination "YoungUzbek won by resignation"]

1. d4 Nf6 2. Bg5 d5 3. e3 Ne4 4. Bh4 g6 5. Nd2 Bg7 6. Bd3 Nf6 7. f4 c5 8. c3 Nc6 9. Ngf3 b6 10. Ne5 Bb7 11.
Bb5 Qc7 12. Qa4 Rc8 13. Qxa7 Nd7 14. Bxc6 Bxc6 15. Qxc7 Rxc7 16. Nxc6 Rxc6 17. Ke2 f5 18.
a4 c4 19. Rhb1 Kf7 20. b3 cxb3 21. Rxb3 Rhc8 22. Kd3 e6 23. a5 bxa5 24. Rxa5 R8c7 25. Ra8 Nb6 26. Rxb6 Rxb6 27. Bd8 Rbc6 28. Bxc7 Rxc7 29. c4 dxc4+ 30. Nxc4 Rb7 31. Nd6+ 1-0

[Event "*** Titled Tuesday Blitz"]
[Site "Chess.com"]
[Date "2020.10.27"]
[Round "9"]
[White "blitzking1729"]
[Black "JozefKneht"]
[Result "1-0"]
[WhiteElo "2581"]
[BlackElo "2416"]
[TimeControl "180+1"]
[EndTime "11:42:23 PDT"]
[Termination "blitzking1729 won by resignation"]

1. d4 d5 2. c4 e6 3. Nc3 Nf6 4. cxd5 exd5 5. Bg5 Be7 6. e3 O-O 7. Bd3 c6 8. Qc2 Nbd7 9. Nf3 Re8 10. O-O Nf8 11.
Rab1 a5 12. a3 Ne4 13. Bxe7 Qxe7 14. Bxe4 dxe4 15. Ne5 f5 16. Na4 Be6 17. Qc5 Qf6 18. Nb6 Rad8 19. Qxa5 f4 20. Kh1 f3 21. gxf3 exf3 22. Rg1 Bh3 23. Rg3 Bg2+ 24. Kg1 Qf5 25. Rc1 Ne6 26. Nbc4 Ng5 27. Nxf3 Bxf3 28. Qxf5 1-0

[Event "*** Titled Tuesday Blitz"]
[Site "Chess.com"]
[Date "2020.10.27"]
[Round "9"]
[White "Evachess2006"]
[Black "teacher4chess"]
[Result "0-1"]
[WhiteElo "1643"]
[BlackElo "2067"]
[TimeControl "180+1"]
[EndTime "11:42:25 PDT"]
[Termination "teacher4chess won by resignation"]

1. e4 d5 2. exd5 Qxd5 3. d4 Nc6 4. Nf3 e5 5. dxe5 Qxd1+ 6. Kxd1 Bg4 7. Bf4 Nge7 8. h3 Bxf3+ 9. gxf3 Ng6 10. Bg3 Ncxe5 11.
Bb5+ c6 12. Re1 O-O-O+ 13. Nd2 Nxf3 14. Re2 cxb5 0-1

[Event "*** Titled Tuesday Blitz"]
[Site "Chess.com"]
[Date "2020.10.27"]
[Round "9"]
[White "ural58"]
[Black "WanderingPuppet"]
[Result "0-1"]
[WhiteElo "2348"]
[BlackElo "2510"]
[TimeControl "180+1"]
[EndTime "11:42:37 PDT"]
[Termination "WanderingPuppet won by resignation"]

1. e4 c5 2. b3 Nc6 3. Bb2 d6 4.
f4 Nf6 5. Qf3 a6 6. Nc3 g6 7. e5 dxe5 8. fxe5 Nxe5 9. Qg3 Nc6 10. O-O-O Bg7 11. Nf3 O-O 12. Ng5 Nd4 13. Bc4 b5 14.
Bxf7+ Rxf7 15. Nxf7 Kxf7 16. h4 b4 17. Rhe1 bxc3 18. dxc3 Ne2+ 19. Rxe2 Bh6+ 20. Red2 Bxd2+ 21. Rxd2 Qxd2+ 0-1

[Event "*** Titled Tuesday Blitz"]
[Site "Chess.com"]
[Date "2020.10.27"]
[Round "9"]
[White "Flawless_Fighter"]
[Black "aleksey1203borisovi4"]
[Result "0-1"]
[WhiteElo "2600"]
[BlackElo "2516"]
[TimeControl "180+1"]
[EndTime "11:42:48 PDT"]
[Termination "aleksey1203borisovi4 won by resignation"]

1. d4 g6 2. e4 Bg7 3. Nc3 d6 4. Be3 Nc6 5. Qd2 e5 6. Nge2 Nf6 7. f3 O-O 8. O-O-O b5 9. dxe5 Nxe5 10. Nf4 Nc4 11.
Bxc4 bxc4 12. Nfd5 Nxd5 13. Nxd5 Be6 14. Bd4 Bxd5 15.
Bxg7 Kxg7 16. Qd4+ Qf6 17. Qxf6+ Kxf6 18. Rxd5 Rab8 19.
Rd4 Rb4 20. b3 Rfb8 21. a3 c5 22. Rxd6+ Ke7 23. Rhd1 R4b7 24. bxc4 Rb1+ 25. Kd2 Rxd1+ 0-1

[Event "*** Titled Tuesday Blitz"]
[Site "Chess.com"]
[Date "2020.10.27"]
[Round "9"]
[White "MarkEvgenievich"]
[Black "Manukyan_Artak"]
[Result "1-0"]
[WhiteElo "2328"]
[BlackElo "2401"]
[TimeControl "180+1"]
[EndTime "11:42:51 PDT"]
[Termination "MarkEvgenievich won by resignation"]

1. c4 Nf6 2. Nc3 g6 3. e4 Bg7 4. d4 d6 5. Be2 O-O 6. Bg5 e5 7. dxe5 dxe5 8. Qxd8 Rxd8 9. Nd5 Nxd5 10. Bxd8 Nb4 11.
O-O-O N8a6 12. Kb1 f6 13. Be7 Nc6 14. Ba3 Nd4 15. c5 Be6 16. Bxa6 bxa6 17. Nf3 Nb5 18. Bb4 Rb8 19. Rd2 Bg4 20. Rhd1 Bxf3 21. Rd8+ Rxd8 22. Rxd8+ Kf7 23. gxf3 Ke6 24. c6 Bh6 25. Rd7 1-0

[Event "*** Titled Tuesday Blitz"]
[Site "Chess.com"]
[Date "2020.10.27"]
[Round "9"]
[White "m-garcett"]
[Black "djano"]
[Result "0-1"]
[WhiteElo "2094"]
[BlackElo "2467"]
[TimeControl "180+1"]
[EndTime "11:42:52 PDT"]
[Termination "djano won by resignation"]

1. e4 e6 2. d4 c5 3. Nf3 cxd4 4. Nxd4 a6 5. Bd3 g6 6. Qe2 Bg7 7. Be3 Ne7 8. c4 Nbc6 9. Nxc6 Nxc6 10. O-O O-O 11.
Nc3 f5 12. exf5 gxf5 13. Qh5 Qe8 14. Qh3 d6 15. Rad1 Ne5 16. Be2 Bd7 17. Rxd6 Bc6 18. Bh6 Rf6 19. Bxg7 Kxg7 20. Rfd1 Rg6 21. Qg3 Rxg3 22.
hxg3 Qe7 23. b4 Nf7 24. R6d4 Qxb4 0-1